 Dungeon Sprint DCSS version 0.14-a0-3329-g86b2fc4 (webtiles) character file.

3818 BluebellGnoll the Imperceptible (level 9, -2/39 HPs)
             Began as a Spriggan Fire Elementalist on Mar 16, 2014.
             Was the Champion of Vehumet.
             Killed by divine providence
             ... invoked by an orc priest
              (12 damage)
             ... in the Dungeon (Sprint IX: "|||||||||||||||||||||||||||||").
             The game lasted 00:25:00 (1633 turns).

BluebellGnoll the Imperceptible (SpFE)              Turns: 1633, Time: 00:25:00

HP  -2/39        AC  5     Str  4      XL: 9   Next: 96%
MP  30/30        EV 30     Int 19      God: Vehumet [******]
Gold 17          SH  0     Dex 20      Spells:  6 memorised, 11 levels left

rFire  . . .     SeeInvis +     m - +2 cutlass (venom)
rCold  . . .     Clarity  .     a - +0 robe
rNeg   . . .     Conserve .     (shield restricted)
rPois  .         rCorr    .     (helmet restricted)
rElec  .         rRot     .     n - +2 cloak
SustAb . .       Spirit   .     (gloves unavailable)
rMut   .         Warding  .     (boots unavailable)
Saprov . . .     NoTele   +     (no amulet)
MR     +....                    p - +2 ring of evasion
                                o - +3 ring of dexterity

@: very quick, somewhat resistant to hostile enchantments, incredibly stealthy
A: unfitting armour, see invisible, herbivore 3, speed 3, slow metabolism 2
a: Renounce Religion


You were in the Dungeon.
You worshipped Vehumet.
Vehumet was exalted by your worship.
You were hungry.

You visited 1 branch You collected 17 gold pieces.

Inventory:

Hand weapons
 m - a +2,+2 cutlass of venom (weapon)
Armour
 a - a +0 robe (worn)
 n - a +2 cloak (worn)
Magical devices
 l - a wand of draining (7)
Comestibles
 t - 6 bread rations
Scrolls
 i - 3 scrolls of blinking
 j - 5 scrolls of remove curse
 k - 2 scrolls of amnesia
 s - 2 scrolls of enchant weapon II
Jewellery
 o - a +3 ring of dexterity (left hand)
 p - a +2 ring of evasion (right hand)
Potions
 c - a potion of porridge
 d - 3 potions of curing
 e - 4 potions of heal wounds
 f - a potion of haste
 g - 2 potions of magic
 h - a potion of invisibility
 q - a potion of might


   Skills:
 - Level 7.0 Short Blades
 + Level 10.1 Dodging
 + Level 21.7 Stealth
 - Level 10.7 Spellcasting
 - Level 5.2 Conjurations
 - Level 8.3 Fire Magic


You had 11 spell levels left.
You knew the following spells:

 Your Spells              Type           Power        Failure   Level  Hunger
a - Flame Tongue          Conj/Fire      #####        1%          1    None
b - Throw Flame           Conj/Fire      #####.       1%          2    None
c - Conjure Flame         Conj/Fire      #####...     1%          3    None
d - Inner Flame           Hex/Fire       ####....     1%          3    None
e - Sticky Flame          Conj/Fire      #####...     1%          4    ##.....
f - Fireball              Conj/Fire      #####.....   4%          5    ####...


Dungeon Overview and Level Annotations

Branches:
Dungeon (1/1)

Altars:
Ashenzari
Cheibriados
Dithmenos
Elyvilon
Fedhas
Kikubaaqudgha
Makhleb
Nemelex Xobeh
Okawaru
Sif Muna
Trog
Vehumet
Xom
Yredelemnul
Zin
The Shining One


Innate Abilities, Weirdness & Mutations

You are tiny and cannot use many weapons and most armour.
You have supernaturally acute eyesight.
You are a herbivore.
You cover ground extremely quickly.
You need consume almost no food.


Message History

You open the door.
An orc warrior, 5 orc priests and an orc high priest come into view.
Found 350 gold pieces.
An orc priest comes into view. It is wielding a club.
The orc priest shouts!
The orc warrior shouts!
The orc priest shouts!
The orc priest shouts!
The orc priest looks braver.
The orc high priest picks up some gold.
The orc priest picks up some gold.
The orc priest picks up some gold.
The orc priest calls down the wrath of Beogh upon you.
Something smites you!
The orc warrior hits you with a dire flail!
* * * LOW HITPOINT WARNING * * *
Found 50 gold pieces.
There is an open door to the Orcish Mines, spattered with blood here.
The orc priest mumbles some strange prayers to Beogh.
You feel a wave of unholy energy pass over you.
The orc priest calls down the wrath of Beogh upon you.
Something smites you!
You die...

▓▓▓▓▓▓▓▓▓▓▓▓▓▓▓▓▓▓▓▓▓▓▓
oooooo$oo..@..........▓
▓▓▓▓▓▓▓▓▓▓▓▓▓▓▓▓▓▓▓▓▓▓▓▓▓▓.▓
...........................▓
▓▓▓▓▓▓▓▓▓▓▓▓▓▓▓▓▓▓▓▓▓▓▓▓▓▓▓▓
%..%.'.%.....[.....'.......▓
▓▓▓▓▓▓▓▓▓▓▓▓▓▓▓▓▓▓▓▓▓▓▓▓▓▓.▓
...........................▓
▓▓▓▓▓▓▓▓▓▓▓▓▓▓▓▓▓▓▓▓▓▓▓▓▓▓▓▓
______'....)'...%.'%....)%<▓


You could see an orc high priest (wandering), an orc warrior and 3 orc priests.

Vanquished Creatures
  A hydra (D)
  A cyclops (D)
  2 spiny frogs (D)
  A wandering mushroom (D)
  A giant leech (D)
  A slime creature (D)
  A hippogriff (D)
  3 vampire mosquitoes (D)
  A water moccasin (D)
  An orc warrior (D)
  A crocodile (D)
  A boring beetle (D)
  A big kobold (D)
  A giant slug (D)
  6 giant frogs (D)
  A scorpion (D)
  A jelly (D)
  A crimson imp (D)
  A hound (D)
  2 sheep (D)
  4 adders (D)
  An orc (D)
  A bat (D)
  2 hobgoblins (D)
  2 kobolds (D)
  A quokka (D)
  A ball python (D)
  3 goblins (D)
  A goblin skeleton (D)
  A goblin zombie (D)
  2 rats (D)
48 creatures vanquished.

Notes
Turn   | Place    | Note
--------------------------------------------------------------
     0 | D        | BluebellGnoll, the Spriggan Fire Elementalist, began the quest for the Orb.
     0 | D        | Reached XP level 1. HP: 9/9 MP: 4/4
    10 | D        | Reached skill level 4 in Spellcasting
   109 | D        | Noticed a crimson imp
   113 | D        | Killed a crimson imp
   113 | D        | Reached skill level 8 in Spellcasting
   113 | D        | Reached XP level 2. HP: 13/13 MP: 8/15
   113 | D        | Reached XP level 3. HP: 16/16 MP: 9/18
   129 | D        | Learned a level 2 spell: Throw Flame
   133 | D        | Learned a level 3 spell: Conjure Flame
   137 | D        | Learned a level 3 spell: Inner Flame
   141 | D        | Found a sparkling altar of Nemelex Xobeh.
   141 | D        | Found an ancient bone altar of Kikubaaqudgha.
   141 | D        | Found a blossoming altar of Fedhas.
   141 | D        | Found a radiant altar of Vehumet.
   141 | D        | Found a glowing silver altar of Zin.
   141 | D        | Found a bloodstained altar of Trog.
   141 | D        | Found a shimmering altar of Xom.
   142 | D        | Found an iron altar of Okawaru.
   143 | D        | Found a glowing golden altar of the Shining One.
   144 | D        | Found an ancient bone altar of Kikubaaqudgha.
   145 | D        | Found a sparkling altar of Nemelex Xobeh.
   146 | D        | Found a deep blue altar of Sif Muna.
   147 | D        | Found a shattered altar of Ashenzari.
   148 | D        | Found a burning altar of Makhleb.
   149 | D        | Found a basalt altar of Yredelemnul.
   150 | D        | Found a shadowy altar of Dithmenos.
   151 | D        | Found a white marble altar of Elyvilon.
   152 | D        | Found a snail-covered altar of Cheibriados.
   171 | D        | Became a worshipper of Vehumet
   208 | D        | Noticed a scorpion
   208 | D        | Noticed a giant frog
   208 | D        | Noticed a big kobold
   219 | D        | Killed a big kobold
   219 | D        | Reached skill level 5 in Fire Magic
   219 | D        | Reached XP level 4. HP: 21/21 MP: 9/21
   220 | D        | Acquired Vehumet's first power
   220 | D        | Offered knowledge of Sandblast by Vehumet.
   301 | D        | Killed a giant frog
   301 | D        | Reached XP level 5. HP: 24/24 MP: 17/23
   309 | D        | Killed a scorpion
   322 | D        | Learned a level 4 spell: Sticky Flame
   328 | D        | Learned a level 5 spell: Fireball
   376 | D        | Noticed a slime creature
   376 | D        | Noticed a cyclops
   376 | D        | Noticed a giant frog
   376 | D        | Noticed a jelly
   376 | D        | Noticed an orc warrior
   384 | D        | Killed an orc warrior
   384 | D        | Offered knowledge of Shock by Vehumet.
   384 | D        | Reached XP level 6. HP: 28/28 MP: 15/25
   386 | D        | Killed a jelly
   386 | D        | Reached skill level 10 in Stealth
   481 | D        | Killed a giant frog
   481 | D        | Killed a cyclops
   481 | D        | Reached skill level 15 in Stealth
   481 | D        | Reached XP level 7. HP: 32/32 MP: 14/26
   481 | D        | Acquired Vehumet's second power
   481 | D        | Reached skill level 16 in Stealth
   511 | D        | Killed a slime creature
   511 | D        | Reached skill level 17 in Stealth
   698 | D        | Noticed a spiny frog
   698 | D        | Noticed a crocodile
   700 | D        | Offered knowledge of Searing Ray by Vehumet.
   702 | D        | Acquired Vehumet's third power
   706 | D        | Killed a crocodile
   706 | D        | Reached skill level 5 in Dodging
   715 | D        | Killed a spiny frog
   715 | D        | Reached skill level 10 in Dodging
   715 | D        | Reached XP level 8. HP: 14/36 MP: 13/27
   896 | D        | Offered knowledge of Airstrike by Vehumet.
  1030 | D        | Noticed a hound
  1030 | D        | Noticed a wandering mushroom
  1030 | D        | Noticed a water moccasin
  1030 | D        | Noticed a hippogriff
  1030 | D        | Noticed a giant frog
  1030 | D        | Noticed a giant slug
  1038 | D        | Killed a giant slug
  1044 | D        | Killed a giant frog
  1044 | D        | Killed a hippogriff
  1044 | D        | Reached skill level 5 in Short Blades
  1054 | D        | Killed a water moccasin
  1135 | D        | Noticed a boring beetle
  1136 | D        | Noticed a five-headed hydra
  1142 | D        | Killed a wandering mushroom
  1142 | D        | Reached skill level 18 in Stealth
  1142 | D        | Killed a hound
  1142 | D        | Offered knowledge of Iskenderun's Battlesphere by Vehumet.
  1147 | D        | Reached skill level 19 in Stealth
  1147 | D        | Reached XP level 9. HP: 39/39 MP: 12/29
  1233 | D        | Killed a five-headed hydra
  1233 | D        | Reached skill level 21 in Stealth
  1236 | D        | Killed a boring beetle
  1326 | D        | Noticed a giant frog
  1326 | D        | Noticed a giant frog
  1326 | D        | Noticed a spiny frog
  1326 | D        | Noticed a vampire mosquito
  1326 | D        | Noticed a giant leech
  1326 | D        | Noticed a giant frog
  1326 | D        | Noticed a vampire mosquito
  1329 | D        | Killed a vampire mosquito
  1329 | D        | Offered knowledge of Conjure Ball Lightning by Vehumet.
  1336 | D        | Killed a giant frog
  1337 | D        | Killed a giant leech
  1339 | D        | Killed a vampire mosquito
  1340 | D        | Killed a spiny frog
  1340 | D        | Reached skill level 10 in Spellcasting
  1341 | D        | Killed a giant frog
  1341 | D        | Reached skill level 5 in Conjurations
  1342 | D        | Noticed a vampire mosquito
  1346 | D        | Killed a giant frog
  1480 | D        | Killed a vampire mosquito
  1629 | D        | Noticed an orc priest
  1629 | D        | Noticed an orc priest
  1629 | D        | Noticed an orc high priest
  1629 | D        | Noticed an orc priest
  1629 | D        | Noticed an orc priest
  1629 | D        | Noticed an orc priest
  1629 | D        | Noticed an orc warrior
  1630 | D        | Noticed an orc priest
  1633 | D        | Killed from afar by an orc priest

Action                   |  1- 3 |  4- 6 |  7- 9 || total
-------------------------+-------+-------+-------++-------
Melee: Dagger            |     8 |       |       ||     8
       Cutlass           |     1 |       |     2 ||     3
 Cast: Flame Tongue      |    13 |    25 |    43 ||    81
       Conjure Flame     |     1 |     3 |    10 ||    14
       Sticky Flame      |       |     1 |     5 ||     6
       Inner Flame       |       |     1 |     4 ||     5
       Fireball          |       |       |    13 ||    13
       Throw Flame       |       |       |     1 ||     1
  Use: Potion            |     1 |       |     1 ||     2
       Scroll            |       |       |     2 ||     2
 Stab: Distracted        |       |       |     1 ||     1
       Sleeping          |       |       |     1 ||     1
